[Event "Titled Tuesday Blitz April 11 Late 2023"]
[White "Moreira, Ronaldo Alonso"]
[Black "Leve, Nitai"]
[WhiteFideId "2110547"]
[BlackFideId "2006898"]
[WhiteElo "2037"]
[BlackElo "2144"]
[Result "1-0"]
[Round "04"]
[TimeControl "180+2"]
[Date "2023.04.11"]
[WhiteClock "0:00:05"]
[BlackClock "0:00:08"]

1. d4 Nf6 2. c4 g6 3. Nc3 Bg7 4. e4 d6 5. Nf3 O-O 6. h3 c5 7. d5 a6 8. Bd3 b5 9. cxb5 axb5 10. Bxb5 Ba6 11. Bxa6 Nxa6 12. O-O Nd7 13. Bg5 Ne5 14. Nxe5 Bxe5 15. a3 Qc7 16. Qc2 Rfb8 17. Rab1 c4 18. Be3 Nc5 19. Ne2 Nd3 20. Bd4 Bxd4 21. Nxd4 Qc5 22. Nc6 Rb3 23. Nxe7+ Kg7 24. Nc6 Re8 25. Qe2 Qxd5 26. exd5 Rxe2 27. Na5 Rbxb2 28. Nxc4 Rxb1 29. Rxb1 Nxf2 30. Nxd6 Nd3 31. Rb7 g5 32. Nxf7 Kf6 33. d6 Nc5 34. Rc7 Ne6 35. Re7 Rd2 36. a4 Nf4 37. a5 Rxg2+ 38. Kf1 Ra2 39. Ra7 Rd2 40. d7 Ne6 41. Nh6 Nc5 42. Ng4+ Kg6 43. Rc7 Ne6 44. Rc6 Kf5 45. Rc8 Rxd7 46. Rf8+ Kg6 47. Rc8 Ra7 48. Rc6 Kf5 49. a6 Nd4 50. Rc5+ Ke4 51. Ra5 Nf3 52. Ra4+ Kf5 53. Kf2 Ne5 54. Ra5 Ke6 55. Rxe5+ Kd6 56. Rxg5 Rxa6 57. Rh5 Ra2+ 58. Kg3 Ra3+ 59. Kh4 Ra7 60. Rh6+ Kd5 61. Rb6 Ke4 62. Rb4+ Kf3 63. Rb3+ Kg2 64. Rg3+ Kh1 65. Nf2+ Kh2 66. Ng4+ Kh1 67. Rc3 Ra5 68. Re3 Kg2 69. Re5 Ra4 70. Re3 Ra7 71. Re2+ Kh1 72. Rb2 Rg7 73. Rb5 Rf7 74. Rh5 Re7 75. Kg5 Rd7 76. Nf6 Ra7 77. Rxh7 Ra5+ 78. Kg6 Kg2 79. h4 Kg3 80. h5 Kf4 81. h6 Rg5+ 82. Kf7 Kf5 83. Rg7 1-0


[Site "https://www.chess.com"]

[Event "Titled Tuesday Blitz April 11 Late 2023"]
[White "Sliwicki, Damian"]
[Black "Sailer, Mike"]
[WhiteFideId "1127128"]
[BlackFideId "2012901"]
[WhiteElo "2030"]
[BlackElo "2109"]
[Result "1-0"]
[Round "04"]
[TimeControl "180+2"]
[Date "2023.04.11"]
[WhiteClock "0:00:05"]
[BlackClock "0:00:01"]

1. e4 d5 2. exd5 Qxd5 3. Nf3 Bg4 4. Be2 Nc6 5. O-O O-O-O 6. c3 e5 7. d4 exd4 8. cxd4 Bxf3 9. Bxf3 Qxd4 10. Qb3 Bd6 11. Bxc6 bxc6 12. Be3 Qe5 13. f4 Qe7 14. Bxa7 Nf6 15. Na3 Ng4 16. Qh3 Bc5+ 17. Bxc5 Qxc5+ 18. Kh1 f5 19. Qf3 Rd2 20. Rac1 Nf2+ 21. Kg1 Nh3+ 22. Kh1 Nf2+ 23. Rxf2 Qxf2 24. Qxc6 Qa7 25. Nb5 Rd7 26. Nxa7+ Kb8 27. Nb5 Rc8 28. Nc3 Rd6 29. Qb5+ Ka8 30. Qxf5 Rcd8 31. Qa5+ Kb8 32. h3 1-0


[Site "https://www.chess.com"]

[Event "Titled Tuesday Blitz April 11 Late 2023"]
[White "Gallegos Diaz, Carlos Alberto"]
[Black "Michalski, Olaf"]
[WhiteFideId "3900886"]
[BlackFideId "1106740"]
[WhiteElo "2362"]
[BlackElo "2173"]
[Result "1-0"]
[Round "04"]
[TimeControl "180+2"]
[Date "2023.04.11"]
[WhiteClock "0:00:39"]
[BlackClock "0:00:01"]

1. e4 c5 2. Nf3 a6 3. g3 b5 4. Bg2 Bb7 5. Qe2 Nc6 6. c3 e6 7. d4 d5 8. e5 cxd4 9. cxd4 Qb6 10. Be3 Nge7 11. O-O Nf5 12. Nc3 Be7 13. Rad1 O-O 14. g4 Nxe3 15. fxe3 b4 16. Na4 Qb5 17. Qc2 Na5 18. b3 Rac8 19. Qb1 Nc4 20. Rde1 Na3 21. Qd1 Rc2 22. Rf2 Rfc8 23. Ref1 h6 24. Rxc2 Rxc2 25. Rf2 Rxf2 26. Kxf2 a5 27. Bf1 Qc6 28. Qe2 1-0


[Site "https://www.chess.com"]

[Event "Titled Tuesday Blitz April 11 Late 2023"]
[White "Gabriel, Robert"]
[Black "Novikova, Galina"]
[WhiteFideId "4606477"]
[BlackFideId "4157095"]
[WhiteElo "2203"]
[BlackElo "1953"]
[Result "0-1"]
[Round "04"]
[TimeControl "180+2"]
[Date "2023.04.11"]
[WhiteClock "0:00:02"]
[BlackClock "0:00:39"]

1. d4 e5 2. dxe5 d6 3. exd6 Bxd6 4. Nf3 Nc6 5. Nc3 Bg4 6. h3 Bh5 7. e3 Qe7 8. Bd3 O-O-O 9. g4 Bg6 10. Bd2 Bxd3 11. cxd3 Nb4 12. Ke2 Nf6 13. Qb3 Bc5 14. d4 Bxd4 15. Nb5 Bc5 16. Rac1 Rxd2+ 17. Nxd2 Nc6 18. Nf3 a6 19. Nc3 Re8 20. Rhd1 Bxe3 21. Kf1 Bxc1 22. Rxc1 Ne4 23. Re1 Nd2+ 24. Kg2 Nxb3 25. Rxe7 Rxe7 26. axb3 f6 27. Nd5 Re2 28. Nf4 Rxb2 29. Ne6 Rxb3 30. Nxg7 a5 31. h4 a4 0-1


[Site "https://www.chess.com"]

[Event "Titled Tuesday Blitz April 11 Late 2023"]
[White "Rodriguez Santiago, Jaime"]
[Black "Joubert, Dantelle"]
[WhiteFideId "3100898"]
[BlackFideId "14310813"]
[WhiteElo "2025"]
[BlackElo "1507"]
[Result "1-0"]
[Round "04"]
[TimeControl "180+2"]
[Date "2023.04.11"]
[WhiteClock "0:01:13"]
[BlackClock "0:02:08"]

1. c4 Nf6 2. Nc3 e6 3. e4 d5 4. e5 d4 5. exf6 dxc3 6. bxc3 Qxf6 7. d4 Qd8 8. Nf3 Be7 9. Bd3 O-O 10. O-O b6 11. Be4 c6 12. Ne5 Bb7 13. f4 Qc7 14. Qh5 g6 15. Qh3 Bf6 16. Ng4 Bg7 17. Nh6+ Kh8 18. Ba3 c5 19. Bxb7 Qxb7 20. dxc5 Qe7 21. cxb6 Qxa3 22. b7 Nc6 23. bxa8=Q Rxa8 24. Nxf7+ Kg8 25. Qxe6 1-0


[Site "https://www.chess.com"]

[Event "Titled Tuesday Blitz April 11 Late 2023"]
[White "Sanchez, Robert"]
[Black "Kohler, Aran"]
[WhiteFideId "2034360"]
[BlackFideId "1002856"]
[WhiteElo "1966"]
[BlackElo "2010"]
[Result "0-1"]
[Round "04"]
[TimeControl "180+2"]
[Date "2023.04.11"]
[WhiteClock "0:00:21"]
[BlackClock "0:00:09"]

1. e4 c6 2. d4 d5 3. e5 c5 4. dxc5 e6 5. Be3 Qc7 6. Qd4 Nc6 7. Bb5 Ne7 8. Nf3 Bd7 9. Qd3 Nxe5 10. Nxe5 Qxe5 11. Bxd7+ Kxd7 12. Qb5+ Kc7 13. O-O Nc6 14. g3 g5 15. Re1 Qf6 16. c4 d4 17. Bd2 Re8 18. Na3 Kc8 19. Nc2 Bg7 20. Nb4 e5 21. Nd5 Qd8 22. b4 e4 23. Qa4 Ne5 24. Qxa7 Nf3+ 25. Kh1 Nxd2 26. c6 bxc6 27. Qc7+ Qxc7 0-1


[Site "https://www.chess.com"]

[Event "Titled Tuesday Blitz April 11 Late 2023"]
[White "Vachier-Lagrave, Maxime"]
[Black "Zhigalko, Sergei"]
[WhiteFideId "623539"]
[BlackFideId "13502956"]
[WhiteElo "2740"]
[BlackElo "2626"]
[Result "1-0"]
[Round "05"]
[TimeControl "180+2"]
[Date "2023.04.11"]
[WhiteClock "0:00:10"]
[BlackClock "0:00:02"]

1. e4 c5 2. Nf3 Nc6 3. c3 Nf6 4. e5 Nd5 5. Bc4 Nb6 6. Bb3 d5 7. exd6 Qxd6 8. d4 cxd4 9. O-O Be6 10. Na3 Bxb3 11. axb3 a6 12. Qe2 e6 13. Rd1 Be7 14. Nxd4 Qc7 15. Qg4 O-O 16. Bf4 Qc8 17. Nac2 Nd5 18. Bh6 Bf6 19. Re1 Rd8 20. Bg5 Qc7 21. Nxc6 Qxc6 22. Nd4 Qc7 23. g3 Bxg5 24. Qxg5 h6 25. Qg4 Rac8 26. Qf3 Qb6 27. h4 Rd7 28. Re5 Ne7 29. b4 Nc6 30. Rc5 Rdc7 31. Nb3 Ne7 32. Rd1 Nd5 33. Rxc7 Qxc7 34. Qe4 b6 35. Rd4 Nf6 36. Qe2 a5 37. bxa5 bxa5 38. Nd2 Qb7 39. Nc4 Qa6 40. Qf1 Nd5 41. Ne5 Qb7 42. Rd2 Nf6 43. Qd3 Rb8 44. Nc4 Qc7 45. Ne3 a4 46. Qa6 Ne4 47. Rd4 Nc5 48. Qe2 Qa7 49. Rb4 Rxb4 50. cxb4 Ne4 51. Qd3 Nf6 52. b5 Ne8 53. Qd8 Kf8 54. b6 Qb7 55. Nc4 Qc6 56. Ne5 Qc1+ 57. Kg2 f6 58. b7 fxe5 59. b8=Q Qc6+ 60. Kh2 Kf7 61. Qa7+ Kg6 62. Qdd7 Qxd7 63. Qxd7 Nc7 64. Qxc7 1-0


[Site "https://www.chess.com"]

[Event "Titled Tuesday Blitz April 11 Late 2023"]
[White "Grigoriants, Sergey"]
[Black "Hakobyan, Aram"]
[WhiteFideId "4130804"]
[BlackFideId "13306677"]
[WhiteElo "2502"]
[BlackElo "2584"]
[Result "1/2-1/2"]
[Round "05"]
[TimeControl "180+2"]
[Date "2023.04.11"]
[WhiteClock "0:00:08"]
[BlackClock "0:00:04"]

1. c4 Nf6 2. Nc3 a6 3. d4 b5 4. cxb5 axb5 5. Nxb5 e5 6. dxe5 Ne4 7. Nc3 Bb4 8. Bd2 Nxd2 9. Qxd2 O-O 10. Nf3 Nc6 11. e3 Re8 12. Be2 Nxe5 13. O-O Bb7 14. Nxe5 Rxe5 15. Qd4 Bd6 16. f4 Re8 17. Bf3 Rb8 18. Bxb7 Rxb7 19. b3 Rb4 20. Qd3 Bc5 21. Nd5 Rbe4 22. Rac1 d6 23. b4 Bxe3+ 24. Nxe3 Rxe3 25. Qc4 R8e7 26. a4 R3e4 27. Qc3 Qb8 28. Rfe1 Qb6+ 29. Kh1 Rxe1+ 30. Rxe1 Qf2 31. Rg1 h5 32. a5 h4 33. h3 d5 34. a6 Re2 35. Qd3 Re1 36. Rxe1 Qxe1+ 37. Kh2 c6 38. b5 cxb5 39. Qxb5 Qg3+ 40. Kh1 Qe1+ 41. Kh2 Qg3+ 42. Kh1 Qe1+ 43. Kh2 1/2-1/2


[Site "https://www.chess.com"]

[Event "Titled Tuesday Blitz April 11 Late 2023"]
[White "Zakhartsov, Vladimir"]
[Black "Tang, Andrew"]
[WhiteFideId "4145097"]
[BlackFideId "2059630"]
[WhiteElo "2497"]
[BlackElo "2596"]
[Result "1/2-1/2"]
[Round "05"]
[TimeControl "180+2"]
[Date "2023.04.11"]
[WhiteClock "0:00:03"]
[BlackClock "0:00:08"]

1. e4 e5 2. Nf3 Nc6 3. Nc3 Nf6 4. a3 g6 5. Bc4 Bg7 6. d3 d6 7. h3 O-O 8. Be3 Re8 9. Ng5 Re7 10. O-O h6 11. Nf3 Be6 12. Nd5 Re8 13. c3 Bxd5 14. exd5 Ne7 15. Qb3 Qc8 16. Rae1 Rf8 17. a4 c6 18. dxc6 bxc6 19. Qa2 a5 20. b4 Nf5 21. Bb6 d5 22. Bb3 e4 23. dxe4 Nxe4 24. Bxa5 Nxc3 25. Qc2 c5 26. Ne5 c4 27. Qxc3 cxb3 28. Qxb3 Qb7 29. Qd3 Rfc8 30. Qb5 Qxb5 31. axb5 Rab8 32. b6 Rb7 33. b5 Nd6 34. Nc6 Bf8 35. Na7 Ra8 36. Nc6 Nxb5 37. Bb4 Rxb6 38. Bxf8 Kxf8 39. Ne5 Rd8 40. Rb1 d4 41. Rfd1 Rd5 42. Nf3 Rbd6 43. Rd3 Kg7 44. Rbd1 f5 45. R1d2 Kf6 46. g3 g5 47. Kg2 h5 48. Rd1 g4 49. hxg4 hxg4 50. Nd2 Nc3 51. Rc1 Ke7 52. Nb3 Rd8 53. Rxd4 Ne4 54. Rxd5 Rxd5 55. Rc2 Kf6 56. Nc1 Rd1 57. Ne2 Ng5 58. Rc6+ Ke7 59. Rc1 Rd2 60. Nf4 Ne4 61. Rf1 Kf6 62. Kg1 Ng5 63. Kg2 Nf3 64. Ra1 Ke5 65. Ra5+ Ke4 66. Ra4+ Ke5 67. Ra5+ Kd6 68. Ra6+ Ke7 69. Ra1 Ng5 70. Ng6+ Kf6 71. Nf4 Ne4 72. Rf1 Ra2 73. Kg1 Ke5 74. Kg2 Rd2 75. Ng6+ Kd4 76. Nf4 Ng5 77. Ra1 Ne4 78. Rf1 Nc3 79. Ra1 Rb2 80. Ra5 Ke4 81. Rc5 Nd1 82. Rc4+ Ke5 83. Nd3+ Kd5 84. Nxb2 Nxb2 85. Rb4 Nd3 86. Rb5+ Ke4 87. Rb8 Ne1+ 88. Kf1 Nf3 89. Ke2 Nd4+ 90. Kf1 Nf3 91. Re8+ Kd4 92. Ke2 Ng1+ 93. Kf1 Nf3 94. Re7 Nd2+ 95. Ke2 Nf3 96. Rd7+ Ke4 97. Re7+ Kd4 98. Ra7 Ng1+ 99. Ke1 Nf3+ 100. Kf1 Nd2+ 101. Ke2 Nf3 102. Ra4+ Ke5 103. Ke3 Ne1 104. Ra5+ Kf6 105. Rc5 Ke6 106. Rc6+ Kd5 107. Rc1 Ng2+ 108. Ke2 f4 109. Kf1 f3 110. Rc8 Ke5 111. Rf8 Ke4 112. Rf7 Ke5 113. Rg7 Kf5 114. Rh7 Kg6 115. Rh8 Kg7 116. Rh5 Kg6 117. Ra5 Kf6 118. Rh5 Kg6 119. Rh2 Kf6 120. Rxg2 fxg2+ 121. Kxg2 Ke5 122. Kf1 Kd5 123. Ke1 Ke5 124. Kd2 Kd4 125. Ke2 Ke4 126. Ke1 Ke5 127. Kf1 Kf5 128. Ke1 Ke5 1/2-1/2


[Site "https://www.chess.com"]

[Event "Titled Tuesday Blitz April 11 Late 2023"]
[White "Bakalchuk, Johnatan"]
[Black "Paravyan, David"]
[WhiteFideId "2810301"]
[BlackFideId "4194985"]
[WhiteElo "2450"]
[BlackElo "2563"]
[Result "0-1"]
[Round "05"]
[TimeControl "180+2"]
[Date "2023.04.11"]
[WhiteClock "0:01:07"]
[BlackClock "0:01:57"]

1. d4 Nf6 2. Nc3 d5 3. Bf4 c5 4. e3 cxd4 5. exd4 a6 6. Bd3 Nc6 7. Nge2 Nb4 8. f3 g6 9. g4 Bg7 10. Ng3 Qb6 11. a3 Qxd4 12. Nge2 Nxd3+ 13. cxd3 Qb6 14. g5 Nh5 15. Nxd5 Qa5+ 16. Ndc3 Nxf4 17. Nxf4 Qxg5 18. Qd2 Qh4+ 19. Kd1 Bf5 20. Kc2 O-O-O 21. Nce2 e5 22. Qc3+ Kb8 23. Kb3 Rc8 0-1


[Site "https://www.chess.com"]

[Event "Titled Tuesday Blitz April 11 Late 2023"]
[White "Manukyan, Sargis A."]
[Black "Alekseenko, Kirill"]
[WhiteFideId "13303970"]
[BlackFideId "4135539"]
[WhiteElo "2187"]
[BlackElo "2683"]
[Result "0-1"]
[Round "05"]
[TimeControl "180+2"]
[Date "2023.04.11"]
[WhiteClock "0:00:10"]
[BlackClock "0:00:12"]

1. d4 d5 2. c4 dxc4 3. e4 Nf6 4. e5 Nd5 5. Bxc4 Nb6 6. Bb3 Nc6 7. Ne2 Bf5 8. Nbc3 e6 9. Be3 Qd7 10. O-O O-O-O 11. Qc1 Kb8 12. Rd1 Nb4 13. Ng3 Bg6 14. Nce4 Qc6 15. Qxc6 Nxc6 16. Rac1 Be7 17. a3 h5 18. Nc5 h4 19. Ne2 h3 20. g4 Bxc5 21. dxc5 Nd5 22. Bxd5 exd5 23. f4 Be4 24. Bf2 Bf3 25. Rd2 Bxg4 26. Nd4 Nxd4 27. Bxd4 Bf3 28. Kf2 Be4 29. Rg1 Bg2 30. Kg3 Rh6 31. f5 Rh5 32. Kg4 Rdh8 33. Bf2 Be4 34. f6 gxf6 35. exf6 R5h6 36. Bd4 Rg8+ 37. Kf4 Rxg1 38. Bxg1 Rxf6+ 39. Ke5 Re6+ 40. Kd4 Rg6 41. Be3 Kc8 42. b4 c6 43. a4 a6 44. Rf2 f6 45. Bf4 Kd7 46. Bg3 Ke6 47. b5 axb5 48. axb5 Rxg3 49. hxg3 Bg2 50. Re2+ Kf7 51. b6 h2 52. Rxg2 h1=Q 53. Ra2 Qe4+ 54. Kc3 Qc4+ 55. Kb2 Qxc5 56. Ra3 Qxb6+ 57. Rb3 Qf2+ 58. Ka3 b5 59. g4 Qd4 60. g5 Qa4+ 61. Kb2 Qxb3+ 62. Ka1 Qa3+ 0-1


[Site "https://www.chess.com"]

[Event "Titled Tuesday Blitz April 11 Late 2023"]
[White "Deac, Bogdan-Daniel"]
[Black "Manelyuk, Daniil"]
[WhiteFideId "1226380"]
[BlackFideId "44173920"]
[WhiteElo "2649"]
[BlackElo "2259"]
[Result "1-0"]
[Round "05"]
[TimeControl "180+2"]
[Date "2023.04.11"]
[WhiteClock "0:00:10"]
[BlackClock "0:00:09"]

1. b3 c5 2. Bb2 d6 3. e3 e5 4. c4 g6 5. Nc3 Bg7 6. g3 Ne7 7. Bg2 O-O 8. Nge2 Nbc6 9. O-O Be6 10. Nd5 Bxd5 11. cxd5 Nb4 12. e4 f5 13. d3 f4 14. Bh3 g5 15. Nc3 Qe8 16. Bg4 Qg6 17. Nb5 Na6 18. Be6+ Kh8 19. Nxd6 Nc7 20. Nf5 Nxe6 21. Nxe7 Qf7 22. Nf5 Nd4 23. Bxd4 exd4 24. gxf4 gxf4 25. Qg4 Be5 26. Kh1 Qf6 27. Rg1 b5 28. Rac1 Rac8 29. Qh3 a5 30. Rg4 Rg8 31. Rcg1 Rxg4 32. Qxg4 Rf8 33. Qf3 a4 34. bxa4 c4 35. axb5 c3 36. a4 Ra8 37. Qd1 f3 38. Qxf3 Rxa4 39. Qg4 Ra8 40. b6 Rb8 41. b7 c2 42. Qe2 Qf7 43. Qxc2 Qh5 44. f4 Bxf4 45. Qg2 Be5 46. Ng3 Qh6 47. Rf1 Rxb7 48. Nf5 Qg6 49. Qxg6 hxg6 50. Nh4 Kg7 51. Nf3 Bb8 52. Nxd4 Rb2 53. Ne6+ Kh6 54. d4 Rxh2+ 55. Kg1 Rd2 56. Rf8 Bh2+ 57. Kh1 Kh5 58. Rh8+ Kg4 59. Rxh2 Rd1+ 60. Kg2 Rd2+ 61. Kg1 Rd1+ 62. Kf2 Rd2+ 63. Ke3 Rxh2 64. d6 Rh3+ 65. Kd2 Kf3 66. Ng5+ Kf4 67. Nxh3+ Kxe4 68. d7 Kxd4 69. d8=Q+ Ke4 70. Qg5 Kf3 71. Nf4 Kf2 72. Nxg6 Kf1 73. Qf4+ Kg2 74. Ke2 Kh1 75. Qg5 Kh2 76. Kf2 Kh3 77. Qh4# 1-0


[Site "https://www.chess.com"]

[Event "Titled Tuesday Blitz April 11 Late 2023"]
[White "Nakamura, Hikaru"]
[Black "Durarbayli, Vasif"]
[WhiteFideId "2016192"]
[BlackFideId "13402935"]
[WhiteElo "2885"]
[BlackElo "2551"]
[Result "1-0"]
[Round "05"]
[TimeControl "180+2"]
[Date "2023.04.11"]
[WhiteClock "0:01:43"]
[BlackClock "0:00:01"]

1. e4 c5 2. d4 cxd4 3. c3 Nf6 4. e5 Nd5 5. Qxd4 e6 6. Nf3 Nc6 7. Qe4 f5 8. Qe2 b5 9. g3 a5 10. Bg2 Ba6 11. O-O Qc7 12. Rd1 Be7 13. Nbd2 O-O 14. Nf1 f4 15. Rxd5 exd5 16. Bxf4 b4 17. Qd2 bxc3 18. bxc3 Bc4 19. Ne3 Kh8 20. Nxd5 Bxd5 21. Qxd5 Rac8 22. Rd1 Nd8 23. Qxd7 Qxd7 24. Rxd7 Ba3 25. Nd4 Rf7 26. Rd5 h6 27. Bh3 Ra8 28. e6 Rb7 29. Be5 Bf8 30. a4 Rb1+ 31. Kg2 Ra1 32. Rd7 Rxa4 33. e7 Nf7 34. exf8=Q+ Rxf8 35. Bf4 g5 36. Bc7 Rc4 37. Ne6 1-0


[Site "https://www.chess.com"]

[Event "Titled Tuesday Blitz April 11 Late 2023"]
[White "Melkumyan, Hrant"]
[Black "Naroditsky, Daniel"]
[WhiteFideId "13302485"]
[BlackFideId "2026961"]
[WhiteElo "2604"]
[BlackElo "2633"]
[Result "0-1"]
[Round "05"]
[TimeControl "180+2"]
[Date "2023.04.11"]
[WhiteClock "0:01:03"]
[BlackClock "0:00:55"]

1. c4 e5 2. e3 Nf6 3. Nc3 Bb4 4. Nge2 b6 5. a3 Bxc3 6. Nxc3 Bb7 7. d4 exd4 8. exd4 O-O 9. Bg5 h6 10. Bh4 Re8+ 11. Be2 g5 12. Bg3 Bxg2 13. Rg1 Bf3 14. h4 Ne4 15. Be5 Nxc3 16. bxc3 Bxe2 17. Qxe2 d6 18. hxg5 dxe5 19. gxh6+ Kh8 20. O-O-O Qf6 21. dxe5 Nc6 22. f4 Qxf4+ 23. Kb2 Nxe5 24. Rd4 Nxc4+ 25. Qxc4 Qf2+ 26. Kb3 Qxg1 27. Qxf7 Qg8 0-1


[Site "https://www.chess.com"]

[Event "Titled Tuesday Blitz April 11 Late 2023"]
[White "Hansen, Eric"]
[Black "Duda, Jan-Krzysztof"]
[WhiteFideId "2606771"]
[BlackFideId "1170546"]
[WhiteElo "2561"]
[BlackElo "2790"]
[Result "1-0"]
[Round "05"]
[TimeControl "180+2"]
[Date "2023.04.11"]
[WhiteClock "0:00:09"]
[BlackClock "0:00:07"]

1. d4 Nf6 2. c4 g6 3. Nc3 d5 4. e3 Bg7 5. Nf3 O-O 6. b4 c6 7. Be2 dxc4 8. Bxc4 b5 9. Bb3 a5 10. bxa5 Qxa5 11. Bd2 Qa3 12. O-O Bg4 13. h3 Bxf3 14. Qxf3 Rd8 15. Rac1 e6 16. Rc2 Ra7 17. Rfc1 h5 18. e4 Rxd4 19. Be3 Rd3 20. Qe2 Rad7 21. e5 Ne8 22. Ne4 Bxe5 23. Nc5 Rxe3 24. Qxe3 Bd4 25. Qg3 Rd6 26. Nb7 Kg7 27. Nxd6 Nxd6 28. Rd1 e5 29. Rxd4 exd4 30. Qe5+ Kg8 31. Qxd4 Nf5 32. Qf6 Qe7 33. Qxg6+ Ng7 34. Qg3 Nd7 35. Rxc6 Ne5 36. Rc8+ Kh7 37. Qe3 Qd7 38. Rc5 Ng6 39. Bc2 f5 40. Qe2 Kh6 41. Qxb5 Qd4 42. Rc4 Qa1+ 43. Qb1 Qe5 44. Rc6 Kh7 45. a4 Nf4 46. Qd1 Nge6 47. Rc4 Nd4 48. Bd3 Nxd3 49. Qxd3 Qe1+ 50. Kh2 Qe5+ 51. Qg3 f4 52. Qd3+ Nf5 53. Re4 Qc7 54. Qf3 Kg6 55. Qxf4 Qc6 56. Re5 Ng7 57. Qg3+ Kh6 58. Qe3+ Kh7 59. Qe4+ Qxe4 60. Rxe4 Nf5 61. Re5 Nd4 62. Rxh5+ Kg6 63. Rd5 Nb3 64. a5 Kf6 65. a6 Ke6 66. Rb5 Nd4 67. Rb6+ Kd7 68. a7 1-0


[Site "https://www.chess.com"]

[Event "Titled Tuesday Blitz April 11 Late 2023"]
[White "Caruana, Fabiano"]
[Black "Kovalev, Vladislav"]
[WhiteFideId "2020009"]
[BlackFideId "13504398"]
[WhiteElo "2837"]
[BlackElo "2555"]
[Result "1-0"]
[Round "05"]
[TimeControl "180+2"]
[Date "2023.04.11"]
[WhiteClock "0:01:54"]
[BlackClock "0:00:02"]

1. e4 e5 2. Nf3 Nc6 3. Bb5 a6 4. Ba4 Nf6 5. O-O Be7 6. Bxc6 dxc6 7. Re1 Nd7 8. d4 exd4 9. Qxd4 O-O 10. Bf4 Nc5 11. Qe3 Ne6 12. Bg3 Bc5 13. Qe2 Qe7 14. c3 a5 15. Nbd2 b6 16. Ne5 Bb7 17. Ndf3 f6 18. Nd3 Ba6 19. Qc2 Rad8 20. Rad1 Qf7 21. Nxc5 Nxc5 22. Nd4 Bd3 23. Qc1 Bxe4 24. Qf4 Nd3 25. Qxe4 Nxe1 26. Qxe1 Rfe8 27. Qf1 c5 28. Nb3 a4 29. Nc1 Rxd1 30. Qxd1 Qd7 31. Qf1 1-0


[Site "https://www.chess.com"]

[Event "Titled Tuesday Blitz April 11 Late 2023"]
[White "Leitao, Rafael"]
[Black "Svane, Rasmus"]
[WhiteFideId "2101246"]
[BlackFideId "4657101"]
[WhiteElo "2609"]
[BlackElo "2597"]
[Result "0-1"]
[Round "05"]
[TimeControl "180+2"]
[Date "2023.04.11"]
[WhiteClock "0:00:01"]
[BlackClock "0:00:06"]

1. c4 Nf6 2. Nc3 e5 3. Nf3 Nc6 4. e4 Bb4 5. d3 d6 6. a3 Bc5 7. b4 Bb6 8. Be3 Bg4 9. Be2 Bxf3 10. Bxf3 Nd4 11. Na4 Nxf3+ 12. Qxf3 Bxe3 13. fxe3 O-O 14. O-O a5 15. b5 c6 16. Nc3 Qc7 17. a4 Rae8 18. h3 Re6 19. Rf2 Nd7 20. Qe2 Rf6 21. Rxf6 Nxf6 22. Rf1 Nd7 23. d4 Nb6 24. Rc1 Rc8 25. bxc6 bxc6 26. Rb1 h6 27. Rb3 Qd8 28. Kh2 Nd7 29. Rb7 Nf8 30. Qf2 Rc7 31. Rb1 Ne6 32. Ne2 g6 33. Rd1 Qe7 34. Rb1 Kg7 35. g3 Rb7 36. Qf1 Rxb1 37. Qxb1 Qg5 38. Qd3 h5 39. Kg2 h4 40. g4 Kg8 41. Kf2 Qf6+ 42. Kg2 Ng5 43. Ng1 exd4 44. Qxd4 Qe7 45. Ne2 Nxe4 46. Nc3 Nxc3 47. Qxc3 Qe4+ 48. Kf2 Qe5 49. Qxe5 dxe5 50. g5 f5 51. gxf6 Kf7 52. Kf3 Kxf6 53. Kg4 g5 54. e4 Kg6 55. c5 Kh6 56. Kf5 Kh5 57. Kxe5 g4 58. Kf4 gxh3 0-1


[Site "https://www.chess.com"]

[Event "Titled Tuesday Blitz April 11 Late 2023"]
[White "Bortnyk, Mykola"]
[Black "Averjanov, Alexey"]
[WhiteFideId "14120836"]
[BlackFideId "14109867"]
[WhiteElo "2582"]
[BlackElo "2399"]
[Result "1-0"]
[Round "05"]
[TimeControl "180+2"]
[Date "2023.04.11"]
[WhiteClock "0:02:16"]
[BlackClock "0:02:14"]

1. Nf3 d5 2. g3 Nf6 3. Bg2 e6 4. c4 Be7 5. O-O O-O 6. cxd5 exd5 7. d4 b6 8. Ne5 Bb7 9. Qc2 c5 10. dxc5 bxc5 11. Nc3 Nbd7 12. Bf4 Qc8 13. Bh3 Qc6 14. Nxc6 Bxc6 15. Bg2 Nb6 16. Rad1 Rfe8 17. Bc7 1-0


[Site "https://www.chess.com"]

[Event "Titled Tuesday Blitz April 11 Late 2023"]
[White "Anton Guijarro, David"]
[Black "Mortazavi, Ali"]
[WhiteFideId "2285525"]
[BlackFideId "401323"]
[WhiteElo "2618"]
[BlackElo "2339"]
[Result "1/2-1/2"]
[Round "05"]
[TimeControl "180+2"]
[Date "2023.04.11"]
[WhiteClock "0:00:08"]
[BlackClock "0:00:08"]

1. d4 Nf6 2. Nf3 g6 3. Bg5 Bg7 4. Nbd2 O-O 5. e4 d6 6. h3 c5 7. dxc5 dxc5 8. Bc4 Nc6 9. Qe2 h6 10. Bxf6 exf6 11. O-O-O Qb6 12. Bd5 f5 13. Nc4 Qa6 14. a3 fxe4 15. Qxe4 Bf5 16. Qf4 Qa4 17. Rd2 Rad8 18. Bxc6 bxc6 19. Rhd1 Rb8 20. b3 Rxb3 21. cxb3 Qxb3 22. Qxf5 gxf5 23. Rc2 h5 24. Rd6 Re8 25. Ne3 Qxa3+ 26. Kd2 c4 27. Nxc4 Qb4+ 28. Kd1 Qb1+ 29. Rc1 Qb3+ 30. Rc2 Re4 31. Nfd2 Qa4 32. Nxe4 fxe4 33. Nd2 Be5 34. Rd8+ Kg7 35. Rc8 Qa1+ 36. Rc1 Qa4+ 37. Rc2 Qa1+ 38. Rc1 Qa4+ 39. Rc2 1/2-1/2


[Site "https://www.chess.com"]

[Event "Titled Tuesday Blitz April 11 Late 2023"]
[White "Lazavik, Denis"]
[Black "Mikhailovsky, Vladimir"]
[WhiteFideId "13515110"]
[BlackFideId "34105414"]
[WhiteElo "2560"]
[BlackElo "2275"]
[Result "1-0"]
[Round "05"]
[TimeControl "180+2"]
[Date "2023.04.11"]
[WhiteClock "0:00:04"]
[BlackClock "0:00:02"]

1. d4 d6 2. Nf3 Nf6 3. c4 g6 4. g3 Bg7 5. Bg2 O-O 6. Nc3 Bf5 7. Nh4 Bc8 8. O-O e5 9. Nf3 Nc6 10. dxe5 Nxe5 11. Nxe5 dxe5 12. Qxd8 Rxd8 13. Bg5 Rd7 14. Rfd1 c6 15. b4 h6 16. Be3 Rxd1+ 17. Rxd1 Be6 18. b5 Bxc4 19. bxc6 bxc6 20. Bxc6 Rc8 21. Bb7 Rc7 22. Rb1 a6 23. Bd2 Bf8 24. Kf1 Bc5 25. Bf3 Kg7 26. Rc1 Ba3 27. Rb1 Bc5 28. Ke1 Bd4 29. Rc1 Be6 30. e3 Bb6 31. a3 Ba5 32. Ne2 Bxd2+ 33. Kxd2 Rd7+ 34. Ke1 e4 35. Bg2 Rd3 36. Nc3 Nd5 37. Nxe4 Rxa3 38. Nc5 Nc7 39. Nxe6+ Nxe6 40. Bd5 Kf6 41. Ke2 Ke5 42. Bc4 a5 43. f4+ Kd6 44. Rd1+ Ke7 45. Rd5 Rc3 46. Bb5 Rc2+ 47. Kf3 Rxh2 48. Rd7+ Kf6 49. Ra7 Rb2 50. Bc4 Rb4 51. Bd5 a4 52. e4 g5 53. e5+ Kg6 54. Be4+ Kg7 55. f5 Nd4+ 56. Ke3 1-0


[Site "https://www.chess.com"]

[Event "Titled Tuesday Blitz April 11 Late 2023"]
[White "Andreikin, Dmitry"]
[Black "Riehle, Marco"]
[WhiteFideId "4158814"]
[BlackFideId "12904392"]
[WhiteElo "2736"]
[BlackElo "2462"]
[Result "1-0"]
[Round "05"]
[TimeControl "180+2"]
[Date "2023.04.11"]
[WhiteClock "0:02:13"]
[BlackClock "0:01:34"]

1. c4 e6 2. Nf3 d5 3. g3 Nf6 4. Bg2 Be7 5. d4 O-O 6. Na3 Ne4 7. O-O b6 8. cxd5 exd5 9. Bf4 c6 10. Rc1 Bb7 11. Ne5 f6 12. Nd3 Nd7 13. Nc2 Rc8 14. Ne3 g5 15. Nf5 gxf4 16. Nxf4 Qe8 17. Bf3 Bd8 18. Bh5 Bc7 19. Bxe8 Rcxe8 20. Nxd5 cxd5 21. Rxc7 Bc8 1-0


[Site "https://www.chess.com"]

[Event "Titled Tuesday Blitz April 11 Late 2023"]
[White "Kushko, Dmitriy"]
[Black "Bluebaum, Matthias"]
[WhiteFideId "14162261"]
[BlackFideId "24651516"]
[WhiteElo "2230"]
[BlackElo "2638"]
[Result "1-0"]
[Round "05"]
[TimeControl "180+2"]
[Date "2023.04.11"]
[WhiteClock "0:00:07"]
[BlackClock "0:00:03"]

1. f4 d5 2. Nf3 Nf6 3. g3 e6 4. Bg2 b5 5. c3 Be7 6. Qb3 a6 7. a4 bxa4 8. Qxa4+ Bd7 9. Qc2 O-O 10. Ne5 c5 11. O-O Nc6 12. Nxd7 Qxd7 13. d3 a5 14. Nd2 Rfb8 15. Nf3 h6 16. Kh1 Qb7 17. e4 Qb5 18. Re1 a4 19. exd5 exd5 20. Ne5 Bd6 21. Nxc6 Qxc6 22. Be3 Rb3 23. Rad1 Rab8 24. Bc1 Qa6 25. Bf3 Qa5 26. Qg2 d4 27. c4 Rxd3 28. g4 Rxd1 29. Rxd1 Re8 30. Bd2 Qb6 31. g5 hxg5 32. fxg5 Nh7 33. g6 fxg6 34. Qxg6 Rf8 35. Rg1 Qc7 36. Bh6 Be5 37. Be4 Nf6 38. Bxg7 Nxe4 39. Bxe5+ 1-0


[Site "https://www.chess.com"]